 Dungeon Crawl Stone Soup version 0.30-b1-2-g02819fbbbe (webtiles) character file.

Game seed: 9442035731946993246

256 Fartwhistle the Skirmisher (level 6, -1/51 HPs)
             Began as a Gnoll Hunter on Nov 9, 2023.
             Slain by an ogre
             ... wielding a +0 giant spiked club
              (32 damage)
             ... on level 4 of the Dungeon on Nov 10, 2023.
             The game lasted 00:06:21 (2848 turns).

Fartwhistle the Skirmisher (Gnoll Hunter)           Turns: 2848, Time: 00:06:22

Health: -1/51      AC:  3    Str: 11    XL:     6   Next: 15%
Magic:  8/8        EV: 13    Int: 10    God:
Gold:   146        SH:  0    Dex: 15    Spells: 8/8 levels left

rFire   . . .        a - +0 shortbow
rCold   . . .        (shield currently unavailable)
rNeg    . . .        c - +0 leather armour
rPois   +            (no helmet)
rElec   .            (no cloak)
rCorr   .            (no gloves)
SInv    .            (no boots)
Will    .....        (no amulet)
Stlth   ++           d - ring of flight
HPRegen 0.28/turn    h - ring of poison resistance
MPRegen 0.11/turn

%: no passive effects
@: flying
A: fangs 1, strong nose, distributed training
a: no special abilities


You were on level 4 of the Dungeon.
You visited 1 branch of the dungeon, and saw 4 of its levels.

You collected 236 gold pieces.
You spent 90 gold pieces at shops.

Inventory:

Hand Weapons
 a - a +0 shortbow (weapon)
 k - a +0 dagger
Missiles
 j - 3 poisoned darts
 o - 6 javelins
Armour
 c - a +0 leather armour (worn)
Jewellery
 d - a ring of flight (left hand)
 h - a ring of poison resistance (right hand)
 n - a ring of protection from cold
Scrolls
 b - 3 scrolls of immolation
 g - 2 scrolls of identify {unknown}
 l - a scroll of amnesia {unknown}
 p - a scroll of magic mapping {unknown}
Potions
 e - a potion of brilliance {unknown}
 f - 6 potions of curing
 i - a potion of invisibility {unknown}
 m - 2 potions of heal wounds {unknown}
 q - a potion of attraction {unknown}
 r - 2 potions of mutation {unknown}


   Skills:
 + Level 5.0 Fighting
 + Level 1.9 Short Blades
 + Level 1.9 Long Blades
 + Level 1.9 Axes
 + Level 1.9 Maces & Flails
 + Level 1.9 Polearms
 + Level 1.9 Staves
 + Level 8.7 Ranged Weapons
 + Level 1.9 Throwing
 + Level 1.9 Armour
 + Level 5.0 Dodging
 + Level 3.0 Stealth
 + Level 1.9 Shields
 + Level 1.9 Unarmed Combat
 + Level 1.9 Spellcasting
 + Level 1.5 Conjurations
 + Level 1.5 Hexes
 + Level 1.5 Summonings
 + Level 1.5 Necromancy
 + Level 1.5 Translocations
 + Level 1.5 Transmutations
 + Level 1.5 Fire Magic
 + Level 1.5 Ice Magic
 + Level 1.5 Air Magic
 + Level 1.5 Earth Magic
 + Level 1.5 Poison Magic
 + Level 2.1 Invocations
 + Level 1.9 Evocations


You had 8 spell levels left.
You didn't know any spells.
Your spell library contained the following spells:

 Spells                   Type           Power      Damage    Failure   Level
 Ozocubu's Armour         Ice            4%         N/A       54%         3
 Ozocubu's Refrigeration  Ice            2%         4d7       100%        7


Dungeon Overview and Level Annotations

Branches:
Dungeon (4/15)
 Temple: D:4-7

Altars:
Vehumet
Zin

Annotations:
D:3 exclusion: statue


Innate Abilities, Weirdness & Mutations

You have very sharp teeth.
Your uncanny sense of smell can sniff out nearby items.
Your experience applies equally to all skills.


Message History

You shoot an arrow. The arrow hits Robin!
Robin is almost dead.
You shoot an arrow. The arrow hits Robin!
You kill Robin!
Your Fighting skill increases to level 5!
Your Dodging skill increases to level 5!
No target in view!
No target in view!
You see here a hobgoblin corpse.
Items here: )) [[ ††.
You see here a +0 dagger.
Things that are here:
a hobgoblin corpse; a hobgoblin corpse You shoot an arrow.
The ogre shouts!
The arrow hits the ogre.
The ogre is lightly wounded.
You shoot an arrow. The arrow closely misses the ogre.
A hobgoblin comes into view.
You shoot an arrow. The arrow barely misses the ogre.
The arrow barely misses the hobgoblin.
The hobgoblin shouts!
You shoot an arrow. The arrow hits the ogre.
The ogre is moderately wounded.
You shoot an arrow. The arrow hits the ogre.
The ogre is heavily wounded.
You shoot an arrow. The arrow closely misses the ogre.
The arrow barely misses the hobgoblin.
You shoot an arrow. The arrow hits the ogre.
The ogre is heavily wounded.
The ogre barely misses you.
You shoot an arrow. The arrow hits the ogre.
The ogre is heavily wounded.
The ogre hits you with a +0 giant spiked club!!
The hobgoblin hits you.
You shoot an arrow. The arrow hits the ogre.
The ogre is severely wounded.
The ogre hits you with a +0 giant spiked club!!
Ouch! That really hurt!
You die...

# #...♣♣.♣♣...##.<# ##..# #
#...♣†♣...###.)# ##.[##
########.......## ##)#
##..## .##...###.....## #†#
##..## ........##...## #)##
##..## O........##+##
#).###..## ...<.......
##†.....##
............#######......##
###............O@........#
####.........g........##
##................#
................#
..#####....#...# #
##...##..# #...##..#
#...##..# #...##..#


You could see an ogre and a hobgoblin.

Vanquished Creatures
  A scorpion (D:3)
  A jelly (D:4)
  A hound (D:4)
  Robin (D:4)
  4 adders
  2 worms (D:2)
  A dart slug (D:1)
  3 orcs
  5 ball pythons
  8 endoplasms
  A giant cockroach (D:1)
  10 goblins
  10 hobgoblins
  7 jackals
  3 quokkas
  5 bats
  A frilled lizard (D:3)
  6 kobolds
  6 rats
76 creatures vanquished.

Notes
Turn   | Place    | Note
-------+----------+-------------------------------------------
     0 | D:1      | Fartwhistle the Gnoll Hunter began the quest for the Orb.
     0 | D:1      | Reached XP level 1. HP: 20/20 MP: 1/1
   166 | D:1      | Reached XP level 2. HP: 25/26 MP: 2/2
   775 | D:2      | Reached XP level 3. HP: 18/31 MP: 3/3
   946 | D:2      | Found a radiant altar of Vehumet.
  1013 | D:2      | Reached skill level 1 in Invocations
  1404 | D:3      | Reached skill level 1 in Short Blades
  1404 | D:3      | Reached skill level 1 in Long Blades
  1404 | D:3      | Reached skill level 1 in Axes
  1404 | D:3      | Reached skill level 1 in Maces & Flails
  1404 | D:3      | Reached skill level 1 in Polearms
  1404 | D:3      | Reached skill level 1 in Staves
  1404 | D:3      | Reached skill level 1 in Throwing
  1404 | D:3      | Reached skill level 1 in Armour
  1404 | D:3      | Reached skill level 1 in Shields
  1404 | D:3      | Reached skill level 1 in Unarmed Combat
  1404 | D:3      | Reached skill level 1 in Spellcasting
  1404 | D:3      | Reached skill level 1 in Evocations
  1426 | D:3      | Found Zin's Purification Station.
  1432 | D:3      | Found a glowing silver altar of Zin.
  1437 | D:3      | Bought a potion of curing for 90 gold pieces
  1456 | D:3      | Reached XP level 4. HP: 37/38 MP: 5/5
  1975 | D:3      | Found a radiant altar of Vehumet.
  1975 | D:3      | Noticed a frost-covered statue
  2133 | D:4      | Reached skill level 1 in Conjurations
  2133 | D:4      | Reached skill level 1 in Hexes
  2133 | D:4      | Reached skill level 1 in Summonings
  2133 | D:4      | Reached skill level 1 in Necromancy
  2133 | D:4      | Reached skill level 1 in Translocations
  2133 | D:4      | Reached skill level 1 in Transmutations
  2133 | D:4      | Reached skill level 1 in Fire Magic
  2133 | D:4      | Reached skill level 1 in Ice Magic
  2133 | D:4      | Reached skill level 1 in Air Magic
  2133 | D:4      | Reached skill level 1 in Earth Magic
  2133 | D:4      | Reached skill level 1 in Poison Magic
  2145 | D:4      | Reached XP level 5. HP: 43/43 MP: 5/7
  2306 | D:4      | Noticed an ogre
  2745 | D:4      | Reached XP level 6. HP: 49/50 MP: 8/8
  2769 | D:4      | Noticed Robin
  2831 | D:4      | Killed Robin
  2832 | D:4      | Reached skill level 5 in Fighting
  2832 | D:4      | Reached skill level 5 in Dodging
  2848 | D:4      | Slain by an ogre

Illustrated notes

Levels and vault maps discovered:
D:1:      saegor_arrival_simple_c, layout_loops_ring, minmay_tripent
D:2:      wander_river, layout_basic, serial_forest,
          infiniplex_forest_straight_1, infiniplex_forest_end_1,
          infiniplex_forest_3_way, infiniplex_forest_lined_room_3,
          infiniplex_forest_lined_3, basic_altar, kennysheep_generic_room_12
D:3:      layout_loops_cross, zin_purify, vehumet_statue
D:4:      minmay_opposing_rooms, layout_layer_cave, kennysheep_diamond,
          uniq_robin

Skill      XL: |  1  2  3  4  5  6 |
---------------+-------------------+-----
Invocations    | 1 2 |  2.1
Short Blades   | 1 |  1.9
Long Blades    | 1 |  1.9
Axes           | 1 |  1.9
Maces & Flails | 1 |  1.9
Polearms       | 1 |  1.9
Staves         | 1 |  1.9
Throwing       | 1 |  1.9
Armour         | 1 |  1.9
Shields        | 1 |  1.9
Unarmed Combat | 1 |  1.9
Spellcasting   | 1 |  1.9
Evocations     | 1 |  1.9
Conjurations   | 1 |  1.5
Hexes          | 1 |  1.5
Summonings     | 1 |  1.5
Necromancy     | 1 |  1.5
Translocations | 1 |  1.5
Transmutations | 1 |  1.5
Fire Magic     | 1 |  1.5
Ice Magic      | 1 |  1.5
Air Magic      | 1 |  1.5
Earth Magic    | 1 |  1.5
Poison Magic   | 1 |  1.5
Stealth        | 3 |  3.0
Fighting       | 5 |  5.0
Dodging        | 5 |  5.0
Ranged Weapons | |  8.7

Action                     |  1- 3 |  4- 6 || total
---------------------------+-------+-------++-------
  Melee: Dagger            |       |     8 ||     8
   Fire: Shortbow          |    96 |   102 ||   198
  Throw: Dart              |     2 |     5 ||     7
 Armour: Leather armour    |    10 |    11 ||    21
  Dodge: Dodged            |    12 |    37 ||    49
